 Dungeon Crawl Stone Soup version 0.22-a0-482-g76e0a5f51a (webtiles) character file.

1418 RKaid the Cleaver (level 8, -3/71 HPs)
             Began as a Hill Orc Fighter on June 17, 2018.
             Was a Follower of Beogh.
             Slain by an orc warrior
             ... wielding a +0 trident
              (10 damage)
             ... on level 6 of the Dungeon.
             The game lasted 00:16:07 (7108 turns).

RKaid the Cleaver (Hill Orc Fighter)                Turns: 7108, Time: 00:16:07

Health: -3/71      AC: 12    Str: 16 (19) XL:     8   Next: 71%
Magic:  10/10      EV:  5    Int: 11 (13) God:    Beogh [*.....]
Gold:   230        SH:  9    Dex:  9 (10) Spells: 7/7 levels left

rFire    . . .     SeeInvis .   a - +0 war axe
rCold    + . .     Gourm    .   e - +0 shield
rNeg     + + .     Faith    .   l - +0 chain mail
rPois    .         Spirit   .   g - +1 helmet "Geblaoq" {*Drain rN++ Int+3}
rElec    .         Reflect  .   (no cloak)
rCorr    .         Harm     .   (no gloves)
MR       .....                  (no boots)
Stlth    ..........             (no amulet)
HPRegen  0.21/turn              b - ring of protection from cold {rC+}
MPRegen  0.12/turn              (no ring)

@: flying
A: no striking features
a: Renounce Religion


You were on level 6 of the Dungeon.
You worshipped Beogh.
Beogh was aware of your devotion.
You were not hungry.

You visited 1 branch of the dungeon, and saw 6 of its levels.

You collected 230 gold pieces.

Inventory:

Hand Weapons
 a - a +0 war axe (weapon)
Armour
 e - a +0 shield (worn)
 g - the +1 helmet "Geblaoq" (worn) {*Drain rN++ Int+3}
   (You took it off Robin on level 2 of the Dungeon)

   It affects your intelligence (+3).
   It greatly protects you from negative energy.
   It causes draining when unequipped.
 l - a +0 chain mail (worn)
   (You found it on level 4 of the Dungeon)
 s - a +1 cloak
   (You found it on level 5 of the Dungeon)
 u - a +0 cloak
   (You found it on level 5 of the Dungeon)
Jewellery
 b - a ring of protection from cold (left hand) {rC+}
   (You found it on level 4 of the Dungeon)
Scrolls
 i - 3 scrolls of identify
 m - 2 scrolls of magic mapping {!r}
 o - 7 scrolls of remove curse
 q - 3 scrolls of teleportation {unknown}
 v - a scroll of immolation {unknown}
 x - a scroll of fog {unknown}
 y - a scroll of fear {unknown}
Potions
 c - 2 potions of curing
 d - 2 potions of might
 h - a potion of haste {unknown}
 j - a potion of ambrosia {unknown}
 k - 2 potions of degeneration {!q}
 n - a potion of berserk rage {!q}
 p - a potion of lignification {!q}
 r - a potion of flight
 t - a potion of heal wounds {unknown}
 w - a potion of brilliance {unknown}
Comestibles
 f - 13 rations
 z - 2 chunks of flesh


   Skills:
 + Level 6.4 Fighting
 * Level 8.7 Axes
 + Level 5.8 Armour
 + Level 5.9 Shields
 + Level 3.6 Invocations


You had 7 spell levels left.
You didn't know any spells.
Your spell library was empty.

Dungeon Overview and Level Annotations

Branches:
Dungeon (6/15)             Temple (0/1) D:6

Altars:
Ashenzari
Elyvilon
Gozag
Hepliaklqana
Kikubaaqudgha
Nemelex Xobeh
Qazlal
Sif Muna
Xom
Yredelemnul
Zin

Shops:
D:4 (   D:6 (

Annotations:
D:5 levstk's ghost, novice GrFi


Message History

You barely miss the shadow imp.
The shadow imp hits you but does no damage.
You slash the shadow imp!
You kill the shadow imp!
Beogh accepts your kill.
Found Rayjusk's Antique Weapon Emporium.
Found a scroll of remove curse and 4 gold pieces.
Found a stone staircase leading down.
o - 7 scrolls of remove curse (gained 1)
You are feeling hungry.
Found a hazy altar of Hepliaklqana.
There is an entrance to Rayjusk's Antique Weapon Emporium here.
You can access your shopping list by pressing '$'.
You now have 230 gold pieces (gained 4).
There is a hazy altar of Hepliaklqana here.
A hound comes into view.
The hound barks!
You block the hound's attack.
You barely miss the hound. The hound bites you. You block the hound's attack.
You slash the hound! You block the hound's attack. x2
You closely miss the hound. The hound bites you but does no damage.
You barely miss the hound. You block the hound's attack.
The hound bites you but does no damage.
You hit the hound. The hound bites you but does no damage.
You slash the hound!
You kill the hound!
Beogh accepts your kill.
You butcher the hound corpse.
z - 3 chunks of flesh You see here a hound skeleton. x2
Eating one of 3 chunks of flesh.
You eat one of the 3 chunks of flesh.
This raw flesh tastes terrible.
i - 3 scrolls of identify (gained 1)
An orc comes into view.
The orc shouts!
You hear a shout!
The orc warrior shouts!
An orc wizard comes into view. It is wielding a dagger of venom.
The orc wizard shouts!
An orc priest comes into view. It is wielding a club.
The orc completely misses you.
The orc priest shouts!
You slash the orc!
You kill the orc!
Beogh accepts your kill.
The orc warrior hits you from afar with a trident!
The orc wizard barely misses you.
You slash the orc wizard!
The orc wizard points at you and mumbles some strange words.
The puff of frost hits you! You resist. You block the orc warrior's attack.
The orc wizard hits you but does no damage.
You are poisoned.
You barely miss the orc wizard.
You feel sick.
The orc warrior hits you from afar with a trident.
The orc wizard hits you but does no damage.
You are more poisoned.
You hit the orc wizard but do no damage.
You feel sick.
The orc warrior hits you from afar with a trident!
The orc wizard casts a spell at you. The magic dart hits you!
You hit the orc wizard. You slash the orc priest!
You feel sick. You block the orc warrior's attack.
The orc wizard mumbles some strange words.
The orc wizard seems to speed up.
The orc priest looks satisfied for a moment.
You are too injured to fight recklessly!
You are too injured to fight recklessly!
You are too injured to fight recklessly!
You feel sick.
The orc wizard looks encouraged for a moment.
You feel sick. The orc wizard casts a spell at you. The puff of flame hits you!
You feel sick.
The orc wizard points at you and mumbles some strange words.
The magic dart hits you!
You feel sick.
You feel sick.
The orc priest calls upon Beogh to heal something.
You feel sick.
The orc priest calls upon Beogh to heal the orc wizard.
The orc wizard is healed somewhat.
You feel sick.
You feel sick.
The orc priest invokes the aid of Beogh against you.
Beogh smites you!
* * * LOW HITPOINT WARNING * * *
You feel sick.
You aren't carrying any items that you can evoke.
You feel better.
It was a potion of degeneration.
There was something very wrong with that liquid.
You feel weakened.
You feel dopey.
You feel clumsy.
The orc warrior hits you from afar with a trident!
* * * LOW HITPOINT WARNING * * *
It was a potion of flight.
You feel very buoyant.
You fly up into the air.
The orc warrior hits you from afar with a trident!
You die...

#######..######...###
#...............#...###
#.......#######.###...# #.......#
#..÷.##.# #..._...# #..#....##
#.......##### #..###...###
#.......#...###..# ##....#
#.#...>...#...#o.# #..#.....
##.#.....≈≈≈##@.o.## ##.###...
...#....≈≈≈≈≈####..# #..# ..
..........∩≈≈# #.o# ##.#
....#....≈≈≈≈≈# #.o# #.####..
.....#....#≈≈≈## #.o### #.......
.....[.##.#...#####....####.#####
..PPP..##.###..........o#........
.PP.......#...#####.......#o.[...
........................o.#.o....


You could see an orc warrior and an orc wizard.

Vanquished Creatures
  Sigmund (D:4)
  2 ogres (D:4)
  2 water moccasin skeletons
  2 scorpions
  2 howler monkeys
  A bullfrog zombie (D:5)
  A jelly (D:4)
  2 hounds
  6 orc wizards
  A bullfrog skeleton (D:6)
  An iguana (D:5)
  Natasha (thrice) (D:2)
  4 worker ants
  2 hound zombies
  A howler monkey zombie (D:5)
  A worker ant zombie (D:6)
  Robin (D:2)
  A gnoll (D:1)
  11 adders
  3 shadow imps
  3 oozes
  2 adder skeletons
  An adder zombie (D:6)
  2 worms (D:2)
  5 leopard geckos
  10 orcs
  2 ball pythons (D:3)
  6 giant cockroaches
  7 hobgoblins
  12 jackals
  A quokka (D:4)
  7 bats
  2 frilled lizards
  A giant cockroach zombie (D:6)
  2 gnoll zombies (D:4)
  18 goblins
  A jackal skeleton (D:4)
  7 kobolds
  2 leopard gecko skeletons
  A leopard gecko zombie (D:5)
  5 rats
145 creatures vanquished.

Vanquished Creatures (others)
  A crimson imp (D:4)
1 creature vanquished.

Grand Total: 146 creatures vanquished

Notes
Turn   | Place    | Note
-------+----------+-------------------------------------------
     0 | D:1      | RKaid the Hill Orc Fighter began the quest for the Orb.
     0 | D:1      | Reached XP level 1. HP: 19/19 MP: 1/1
   118 | D:1      | Reached skill level 3 in Axes
   118 | D:1      | Reached XP level 2. HP: 22/27 MP: 2/2
   476 | D:1      | Reached skill level 4 in Fighting
   476 | D:1      | Reached XP level 3. HP: 25/33 MP: 3/3
   866 | D:2      | Reached skill level 4 in Axes
   915 | D:2      | Reached XP level 4. HP: 38/40 MP: 4/4
  1196 | D:2      | Noticed Robin
  1207 | D:2      | Killed Robin
  1207 | D:2      | Reached skill level 4 in Shields
  1217 | D:2      | Reached skill level 4 in Armour
  1217 | D:2      | Reached XP level 5. HP: 16/47 MP: 5/5
  1452 | D:2      | Got a steaming helmet
  1678 | D:2      | Noticed Natasha
  1684 | D:2      | Killed Natasha
  1807 | D:2      | Noticed Natasha
  1820 | D:2      | HP: 10/47 [Natasha/magic dart (9)]
  1820 | D:2      | HP: 2/47 [Natasha/magic dart (4)]
  1824 | D:2      | Killed Natasha
  1824 | D:2      | Reached skill level 5 in Axes
  2078 | D:2      | Noticed Natasha
  2092 | D:2      | Killed Natasha
  2487 | D:3      | Reached XP level 6. HP: 53/53 MP: 6/6
  2507 | D:3      | Found an opulent altar of Gozag.
  2564 | D:3      | Found a hazy altar of Hepliaklqana.
  2565 | D:3      | Found a shimmering altar of Xom.
  2566 | D:3      | Noticed a spectral ugly thing
  2875 | D:3      | Found a stormy altar of Qazlal.
  2878 | D:3      | Found a glowing silver altar of Zin.
  2881 | D:3      | Found a sparkling altar of Nemelex Xobeh.
  2919 | D:3      | Found a shattered altar of Ashenzari.
  3018 | D:3      | Found a white marble altar of Elyvilon.
  3233 | D:4      | Identified the +1 helmet "Geblaoq" {*Drain rN++ Int+3} (You took it off Robin on level 2 of the Dungeon)
  3255 | D:4      | Reached skill level 5 in Fighting
  3274 | D:4      | Reached skill level 6 in Axes
  3442 | D:4      | Found a basalt altar of Yredelemnul.
  3560 | D:4      | Became a worshipper of Beogh the Brigand
  3562 | D:4      | Reached XP level 7. HP: 55/61 MP: 7/7
  3705 | D:4      | Noticed Sigmund
  3717 | D:4      | Killed Sigmund
  3717 | D:4      | Reached skill level 7 in Axes
  3717 | D:4      | Reached skill level 5 in Armour
  3717 | D:4      | Reached skill level 5 in Shields
  3717 | D:4      | Reached skill level 1 in Invocations
  3873 | D:4      | Found a deep blue altar of Sif Muna.
  3925 | D:4      | HP: 15/61 [ogre/giant club (13)]
  4207 | D:4      | Found Isoarr's Antique Weapon Shop.
  4255 | D:4      | Reached skill level 2 in Invocations
  4685 | D:5      | Entered Level 5 of the Dungeon
  4719 | D:4      | HP: 8/62 [ogre/giant spiked club (28)]
  5051 | D:5      | Reached XP level 8. HP: 68/70 MP: 9/9
  5551 | D:5      | Reached skill level 6 in Fighting
  5651 | D:5      | Reached skill level 8 in Axes
  5706 | D:5      | Reached skill level 3 in Invocations
  5819 | D:5      | Noticed levstk's ghost (novice GrFi)
  6708 | D:6      | Reached * piety under Beogh
  6764 | D:6      | Found a staircase to the Ecumenical Temple.
  6928 | D:6      | Found an ancient bone altar of Kikubaaqudgha.
  7016 | D:6      | Found Rayjusk's Antique Weapon Emporium.
  7032 | D:6      | Found a hazy altar of Hepliaklqana.
  7102 | D:6      | HP: 11/71 [orc priest/divine providence (12)]
  7107 | D:6      | HP: 7/71 [orc warrior/trident (9)]
  7108 | D:6      | Slain by an orc warrior

Vault maps used:
D:1:      dpeg_arrival_oval, hangedman_decor_growths
D:2:      roderic_serpentine_path, uniq_natasha, uniq_robin
D:3:      regret_index_temple_of_mockery, nicolae_ashenzari_panopticon,
          grunt_gozag_breadcrumbs, lemuel_coloured_pillars_altar,
          grunt_temple_overflow_diamond, first_ration
D:4:      nicolae_overflow_crystal_walls, lemuel_zombie_altar_yredelemnul,
          serial_shops, nicolae_shop_waterfront, minivault_24,
          mrwooster_statue_mirror, uniq_sigmund
D:5:      kennysheep_spiral_hall
D:6:      kiku_gazebo_garden_becter, minmay_temple_entry_statues_fountains,
          serial_shops, nicolae_shop_waterfront, basic_altar,
          hangedman_abyss_or_decor_lesser_grid

Skill      XL: |  1  2  3  4  5  6  7  8 |
---------------+-------------------------+-----
Axes           | 3 4 5 6 7 8 |  8.7
Fighting       | 4 5 6 |  6.4
Shields        | 4 5 |  5.9
Armour         | 4 5 |  5.8
Invocations    | 2 3 |  3.6

Action                   |  1- 3 |  4- 6 |  7- 9 || total
-------------------------+-------+-------+-------++-------
Melee: War axe           |    81 |   216 |   237 ||   534
Invok: Convert to Beogh  |       |     1 |       ||     1
  Use: Potion            |       |     2 |     5 ||     7
       Scroll            |       |     5 |     1 ||     6
  Eat: Chunk             |       |     9 |     5 ||    14
       Ration            |       |       |     2 ||     2
Armor: Scale mail        |    35 |   103 |    16 ||   154
       Chain mail        |       |       |    85 ||    85
Dodge: Dodged            |    30 |    68 |    46 ||   144
Block: Shield            |    49 |   117 |   113 ||   279

Table legend:
 A = Spawn XP
 B = Non-spawn XP
 C = Spawn XP percentage of total XP
 D = Spawn monster count
 E = Non-spawn monster count
 F = Spawn count percentage of total count
 G = Total turns spent on level
                    A         B        C        D         E        F      G
               +---------+---------+-------+---------+---------+-------+---------
         Total |       0 |    2027 |   0.0 |       0 |     145 |   0.0 |  7108
               +---------+---------+-------+---------+---------+-------+---------
           D:1 |       0 |      58 |   0.0 |       0 |      23 |   0.0 |   716
           D:2 |       0 |     242 |   0.0 |       0 |      42 |   0.0 |  1700
           D:3 |       0 |     143 |   0.0 |       0 |      16 |   0.0 |  1134
           D:4 |       0 |     842 |   0.0 |       0 |      25 |   0.0 |  2141
           D:5 |       0 |     407 |   0.0 |       0 |      19 |   0.0 |   886
           D:6 |       0 |     335 |   0.0 |       0 |      20 |   0.0 |   531
               +---------+---------+-------+---------+---------+-------+---------

Table legend:
 A = Turns spent in this place as a percentage of turns spent in the entire game.
 B = Non-inter-level travel turns spent in this place as a percentage of non-inter-level travel turns spent in the entire game.
 C = Inter-level travel turns spent in this place as a percentage of turns spent in this place.
 D = Turns resting spent in this place as a percentage of non-inter-level travel turns spent in this place.
 E = Turns spent auto-exploring this place as a percentage of non-inter-level travel turns spent in this place.
 F = Non-inter-level travel turns spent in this place divided by the number of levels of this place that you've seen.
                   A       B       C       D       E      F
               +-------+-------+-------+-------+-------+----------------------
         Total | 100.0 | 100.0 |   4.7 |  33.6 |  46.6 | 1128.8
       Dungeon | 100.0 | 100.0 |   4.7 |  33.6 |  46.6 | 1128.8
               +-------+-------+-------+-------+-------+----------------------

Table legend:
 A = Kills in this place as a percentage of kills in entire the game.
 B = Kills by you in this place as a percentage of kills by you in the entire game.
 C = Kills by friends in this place as a percentage of kills by friends in the entire game.
 D = Other kills in this place as a percentage of other kills in the entire game.
 E = Experience gained in this place as a percentage of experience gained in the entire game.
 F = Experience gained in this place divided by the number of levels of this place that you have seen.
                   A       B       C       D       E      F
               +-------+-------+-------+-------+-------+----------------------
         Total | 100.0 | 100.0 |   N/A |   N/A | 100.0 | 337.8
       Dungeon | 100.0 | 100.0 |   N/A |   N/A | 100.0 | 337.8
               +-------+-------+-------+-------+-------+----------------------
